 Dungeon Crawl Stone Soup version 0.31-a0-263-ge8cad7f256 (webtiles) character file.

Game seed: 15118676522256679826

69 Strat the Trooper (level 4, 0/41 HPs)
             Began as a Hill Orc Gladiator on July 13, 2023.
             Succumbed to an adder's poison
             ... on level 3 of the Dungeon.
             The game lasted 00:02:28 (1263 turns).

Strat the Trooper (Hill Orc Gladiator)              Turns: 1263, Time: 00:02:29

Health: 0/41       AC:  4    Str: 15 (18) XL:     4   Next: 20%
Magic:  4/4        EV: 12    Int:  7 (8)  God:
Gold:   86         SH:  0    Dex: 11 (12) Spells: 3/3 levels left

rFire   . . .        a - +0 flail
rCold   . . .        (no shield)
rNeg    . . .        b - +0 leather armour
rPois   .            c - +0 helmet
rElec   .            (no cloak)
rCorr   .            (no gloves)
SInv    .            (no boots)
Will    .....        (no amulet)
Stlth   +            (no ring)
HPRegen 0.26/turn    (no ring)
MPRegen 0.09/turn

%: no passive effects
@: brilliant, lethally poisoned (0 -> -1), hasted, very quick
A: no striking features
a: no special abilities


You were on level 3 of the Dungeon.
You visited 1 branch of the dungeon, and saw 3 of its levels.

You collected 86 gold pieces.

Inventory:

Hand Weapons
 a - a +0 flail (weapon)
Missiles
 d - 3 throwing nets (quivered)
 e - a javelin
 f - 5 boomerangs
Armour
 b - a +0 leather armour (worn)
 c - a +0 helmet (worn)
Scrolls
 i - 2 scrolls of teleportation {unknown}
 k - a scroll of revelation {unknown}
 l - a scroll of enchant weapon {unknown}
 m - a scroll of identify {unknown}
 n - a scroll of amnesia {unknown}
Potions
 g - 2 potions of haste


   Skills:
 + Level 4.6 Fighting
 - Level 3.2 Maces & Flails
 - Level 1.7 Throwing
 - Level 2.0 Armour
 - Level 2.4 Dodging


You had 3 spell levels left.
You didn't know any spells.
Your spell library contained the following spells:

 Spells                   Type           Power      Damage    Failure   Level
 Necrotise                Necr           0%         1d4       50%         1
 Vampiric Draining        Necr           0%         2d6       86%         3
 Agony                    Necr           0%         N/A       100%        5


Dungeon Overview and Level Annotations

Branches:
Dungeon (3/15)

Altars:

Portals:
Sewer: D:3


Message History

* * * LOW HITPOINT WARNING * * *
You are poisoned.
The adder poisons you! The adder bites you but does no damage.
You hit the adder but do no damage.
You feel sick. The adder bites you.
* * * LOW HITPOINT WARNING * * *
You barely miss the adder.
You feel sick. The adder bites you.
* * * LOW HITPOINT WARNING * * *
You are more poisoned.
The adder poisons you!
You barely miss the adder.
You feel sick. The adder bites you.
* * * LOW HITPOINT WARNING * * *
It was a potion of degeneration.
There was something very wrong with that liquid.
You feel weakened.
You feel dopey.
You feel clumsy.
You feel sick. The adder completely misses you.
It was a potion of brilliance.
You feel clever all of a sudden.
* * * LOW HITPOINT WARNING * * *
You feel sick. The adder bites you but does no damage.
You closely miss the adder.
You feel sick. The adder bites you but does no damage.
You barely miss the adder.
You feel sick. The adder bites you.
* * * LOW HITPOINT WARNING * * *
You hit the adder but do no damage. You sock the adder!
The adder is heavily wounded.
* * * LOW HITPOINT WARNING * * *
You feel sick. The adder closely misses you.
The adder bites you but does no damage.
You closely miss the adder.
The adder is heavily wounded.
* * * LOW HITPOINT WARNING * * *
You feel sick. The adder closely misses you.
You miss the adder.
The adder is heavily wounded.
* * * LOW HITPOINT WARNING * * *
You feel sick. The adder closely misses you.
You closely miss the adder.
The adder is heavily wounded.
You die...

#............###...(#
...#####......<......#
...#~~~#.#.....##....#
#.#~~~#.....####. ..#
#.#~∩~#........(# #
#.#~~~#.........#
##.#~~~#.........#
##..##'##.........#
#......S@.........#
#?##..####........# #.
#........# #
#####.#### .# #


You could see an adder.

Vanquished Creatures
  3 adders (D:3)
  A worm (D:2)
  2 ball pythons (D:1)
  4 endoplasms
  3 giant cockroaches
  3 goblins
  3 hobgoblins
  4 jackals
  6 bats (D:1)
  4 kobolds
  3 rats
36 creatures vanquished.

Notes
Turn   | Place    | Note
-------+----------+-------------------------------------------
     0 | D:1      | Strat the Hill Orc Gladiator began the quest for the Orb.
     0 | D:1      | Reached XP level 1. HP: 18/18 MP: 1/1
    97 | D:1      | Reached skill level 1 in Armour
    97 | D:1      | Reached XP level 2. HP: 21/25 MP: 2/2
   110 | D:1      | Reached skill level 3 in Fighting
   792 | D:2      | Reached XP level 3. HP: 30/31 MP: 3/3
   853 | D:2      | Noticed an ogre
  1068 | D:2      | Found a faded altar of an unknown god.
  1220 | D:3      | Found a glowing drain.
  1237 | D:3      | Reached skill level 4 in Fighting
  1244 | D:3      | Reached XP level 4. HP: 21/41 MP: 4/4
  1261 | D:3      | HP: 2/41 [poisoned by an adder]
  1263 | D:3      | Succumbed to an adder's poison

Illustrated notes

Levels and vault maps discovered:
D:1:      dpeg_arrival_round_b, layout_loops_ring, minmay_circled_x
D:2:      layout_rooms, shapermc_ecumenical_altar_mp_ritualfount,
          minmay_tetromino_o2
D:3:      layout_rooms, gup_sewer_entry_glass, serial_corexii_hall,
          corexii_hall_statues_s, corexii_hall_statues_l,
          corexii_hall_statues_x, chequers_hall_statues_wall_a

Skill      XL: |  1  2  3 |
---------------+----------+-----
Armour         | 1 2 |  2.0
Fighting       | 3 4 |  4.6
Maces & Flails | |  3.2
Throwing       | |  1.7
Dodging        | |  2.4

Action                     |  1- 3 |  4- 6 || total
---------------------------+-------+-------++-------
  Melee: Flail             |   111 |    17 ||   128
         Punch             |     1 |       ||     1
    Use: Potion            |       |     3 ||     3
 Armour: Leather armour    |    57 |     6 ||    63
  Dodge: Dodged            |    88 |     6 ||    94

Table legend: (Time is in decaauts)
 A = Elapsed time spent in this place.
 B = Non-inter-level travel time spent in this place.
 C = Inter-level travel time spent in this place.
 D = Time resting spent in this place.
 E = Time spent auto-exploring this place.
 F = Levels seen in this place.
 G = Mean time per level.
                   A        B        C        D        E       F      G
               +--------+--------+--------+--------+--------+-----+--------+
         Total |   1286 |   1242 |     44 |      0 |    906 |   3 |  428.7 |
       Dungeon |   1286 |   1242 |     44 |      0 |    906 |   3 |  428.7 |
               +--------+--------+--------+--------+--------+-----+--------+

Top non-repeatable levels by time:
     D:1: 757 daAuts
     D:2: 485 daAuts
     D:3: 44 daAuts
